 Dungeon Crawl Stone Soup version 0.21-a0-13-g3fd62ac (webtiles) character file.

530 Mesmaeker13 the Skirmisher (level 7, -7/72 HPs)
             Began as an Ogre Skald on May 23, 2017.
             Mangled by Prince Ribbit (13 damage)
             ... on level 4 of the Dungeon.
             The game lasted 00:09:17 (5222 turns).

Mesmaeker13 the Skirmisher (Ogre Skald)             Turns: 5222, Time: 00:09:17

Health: -7/72      AC:  4    Str: 17    XL:     7   Next: 24%
Magic:  8/10       EV: 11    Int: 15    God:
Gold:   69         SH:  0    Dex:  8    Spells: 5/10 levels left

rFire    . . .     SeeInvis .   a - +0 mace
rCold    + . .     Gourm    .   (no shield)
rNeg     . . .     Faith    .   A - +1 robe {rC+}
rPois    .         Spirit   .   (helmet restricted)
rElec    .         Reflect  .   k - scarf {repulsion}
rCorr    .         Harm     .   (gloves unavailable)
MR       .....                  (boots unavailable)
Stlth    +.........             y - amulet of regeneration
Regen    0.7/turn               (no ring)
MPRegen  0.2/turn               (no ring)

@: repel missiles
A: unfitting armour, tough skin 1
a: no special abilities


You were on level 4 of the Dungeon.
You were hungry.

You visited 1 branch of the dungeon, and saw 5 of its levels.

You collected 159 gold pieces.
You spent 90 gold pieces at shops.

Inventory:

Hand Weapons
 a - a +0 mace (weapon)
 u - a +0 blowgun
 G - a +0 giant spiked club
Missiles
 s - 5 large rocks (quivered)
 v - 3 poisoned needles
Armour
 k - a scarf of repulsion (worn)
 A - a +1 robe of cold resistance (worn)
Jewellery
 y - an amulet of regeneration (around neck)
Wands
 B - a wand of flame (37/48)
Scrolls
 b - a scroll of immolation {unknown}
 e - 3 scrolls of fear
 i - 3 scrolls of remove curse
 j - a scroll of enchant armour
 l - 2 scrolls of amnesia {unknown}
 n - a scroll of recharging
 q - 2 scrolls of blinking {unknown}
 x - a scroll of random uselessness {unknown}
 z - a scroll of noise
 C - a scroll of teleportation {unknown}
 E - a scroll of magic mapping {unknown}
 F - a scroll of identify
Potions
 f - a potion of degeneration
 h - a potion of magic
 m - 3 potions of curing
 p - a potion of mutation {unknown}
 r - 3 potions of resistance
 t - a potion of brilliance
 D - a potion of flight {unknown}
Books
 c - a book of Battle

   Spells                             Type                      Level
   a - Infusion                       Charms                       1
   b - Shroud of Golubria             Charms/Translocation         2
   c - Song of Slaying                Charms                       2
   d - Spectral Weapon                Hexes/Charms                 3
   e - Regeneration                   Charms/Necromancy            3
Comestibles
 d - 7 bread rations
 g - a royal jelly
 o - 4 meat rations
 w - 2 chunks of flesh


   Skills:
 + Level 5.4 Fighting
 + Level 3.8 Maces & Flails
 + Level 3.9 Dodging
 - Level 2.4 Spellcasting
 + Level 4.3 Charms


You had 5 spell levels left.
You knew the following spells:

 Your Spells              Type           Power        Failure   Level  Hunger
a - Infusion              Chrm           ##..         3%          1    #......
b - Song of Slaying       Chrm           ##......     5%          2    ###....
c - Shroud of Golubria    Chrm/Tloc      #.........   13%         2    ###....


Dungeon Overview and Level Annotations

Branches:
Dungeon (5/15)
 Temple: D:4-7

Altars:
Ashenzari
Elyvilon
Ru
Sif Muna
Zin

Annotations:
D:4 Prince Ribbit


Innate Abilities, Weirdness & Mutations

You are too large for most types of armour.
You have tough skin. (AC +1)


Message History

You climb upwards.
Your shroud begins to fray at the edges.
There is a stone staircase leading down here.
Prince Ribbit lets out a mournful croak.
Prince Ribbit blinks!
Your shroud bends Prince Ribbit's attack away.
There is a stone staircase leading down here.
Your shroud unravels.
Prince Ribbit hits you but does no damage.
There is a stone staircase leading down here.
You barely miss Prince Ribbit. Prince Ribbit hits you! x2
* * * LOW HITPOINT WARNING * * *
You barely miss Prince Ribbit. Prince Ribbit hits you!
* * * LOW HITPOINT WARNING * * *
You feel better.
You are feeling hungry.
Prince Ribbit hits you!
* * * LOW HITPOINT WARNING * * *
Prince Ribbit hits you!
You die...

#)# ###.##.# ##...##
#.# #.# #.##.#
#..#..###.# #)#
#.##.# #.###.....#
#.# ###.##.#
#..#..###.) #.#
#...##.#########...##
#.# #.#
#.####.#......###.##
#.# #.# #.#
#.#.####.# #.# #.#
#.# #.####.#.# #.#
#.# #.# #.#
#.#....#@# #.# #.#
#.# #.# #.#.####F#
#.###.#####.#
#.###.#.####.#
#...........#
#..........>.##
#............
#####.........#
#.####.######
###.#####.# #.# #.#
#.# #.# #.# #.# #.#
#.# #.# #.#
#.#####.###.# #.#


You could see Prince Ribbit.

Vanquished Creatures
  An ogre (D:4)
  A scorpion (D:4)
  A howler monkey (D:4)
  2 orc wizards
  A bullfrog skeleton (D:4)
  2 iguanas
  A worker ant (D:4)
  9 adders
  An ooze (D:2)
  3 worms
  A dart slug (D:3)
  3 leopard geckos
  An orc (D:4)
  3 giant cockroaches
  6 goblins
  12 hobgoblins
  7 jackals
  5 kobolds
  2 quokkas (D:2)
  10 bats
  2 frilled lizards (D:2)
  A leopard gecko skeleton (D:1)
  6 rats
81 creatures vanquished.

Vanquished Creatures (others)
  An orc wizard (D:3)
1 creature vanquished.

Grand Total: 82 creatures vanquished

Notes
Turn   | Place    | Note
-------+----------+-------------------------------------------
     0 | D:1      | Mesmaeker13 the Ogre Skald began the quest for the Orb.
     0 | D:1      | Reached XP level 1. HP: 22/22 MP: 3/3
   313 | D:1      | Reached XP level 2. HP: 28/29 MP: 5/5
   359 | D:1      | Reached skill level 3 in Fighting
   566 | D:1      | Learned a level 2 spell: Song of Slaying
   820 | D:1      | Reached XP level 3. HP: 17/37 MP: 1/6
  1458 | D:2      | Found a sacrificial altar of Ru.
  1849 | D:2      | Found a white marble altar of Elyvilon.
  1870 | D:2      | Reached XP level 4. HP: 29/45 MP: 3/7
  2192 | D:2      | Found Zin's Purification Station.
  2194 | D:2      | Found a glowing silver altar of Zin.
  2211 | D:2      | Bought a potion of curing for 90 gold pieces
  2855 | D:2      | Reached skill level 4 in Fighting
  3060 | D:3      | Reached XP level 5. HP: 48/54 MP: 3/8
  3225 | D:3      | Found a deep blue altar of Sif Muna.
  3789 | D:4      | Reached XP level 6. HP: 38/63 MP: 7/9
  4373 | D:4      | Reached skill level 5 in Fighting
  4398 | D:4      | Learned a level 2 spell: Shroud of Golubria
  4814 | D:4      | Reached XP level 7. HP: 61/72 MP: 5/10
  5102 | D:5      | Entered Level 5 of the Dungeon
  5102 | D:5      | Found a shattered altar of Ashenzari.
  5202 | D:5      | Noticed Prince Ribbit
  5222 | D:4      | Mangled by Prince Ribbit

Vault maps used:
D:1:      elethiomel_arrival_shortcut, serial_forest,
          infiniplex_forest_straight_2, infiniplex_forest_corner_2,
          infiniplex_forest_lined_room_, infiniplex_forest_corner_1,
          infiniplex_forest_corner_1
D:2:      zin_purify, nicolae_ru_awakened_eye, elyvilon_altar_5
D:3:      first_bread, roderic_chinese_pattern_swastika, led_sif_book
D:4:      kennysheep_generic_room_8
D:5:      kennysheep_mini_moat, makhleb_grotto_becter, ashenzari_altar_1,
          serial_shops, shop, uniq_prince_ribbit1

Skill      XL: |  1  2  3  4  5  6 |
---------------+-------------------+-----
Maces & Flails | 2 3 |  3.8
Fighting       | 3 4 5 |  5.4
Charms         | 3 4 |  4.3
Dodging        | 3 |  3.9
Spellcasting   | |  2.4

Action                   |  1- 3 |  4- 6 |  7- 9 || total
-------------------------+-------+-------+-------++-------
Melee: Mace              |   113 |   176 |    18 ||   307
 Fire: Blowgun           |       |    20 |       ||    20
Throw: Large rock        |       |     2 |     2 ||     4
 Cast: Infusion          |     8 |    14 |     2 ||    24
       Shroud of Golubri |       |       |     2 ||     2
  Use: Scroll            |     5 |     5 |       ||    10
       Potion            |       |       |     1 ||     1
 Stab: Sleeping          |       |     1 |       ||     1
  Eat: Chunk             |     3 |     9 |     2 ||    14
Armor: Robe              |    59 |    43 |     7 ||   109
Dodge: Dodged            |    84 |    99 |    11 ||   194
       Deflected         |       |     3 |       ||     3
